 Dungeon Crawl Stone Soup version 0.17.0-15-g6d90897 (webtiles) character file.

2611 Sheev the Quickloader (level 9, 0/91 HPs)
             Began as a Formicid Hunter on Nov 10, 2015.
             Was a Follower of Cheibriados.
             Succumbed to a killer bee's poison
             ... on level 7 of the Dungeon.
             The game lasted 00:50:38 (8954 turns).

Sheev the Quickloader (Formicid Hunter)             Turns: 8954, Time: 00:50:38

Health: 0/91       AC: 24    Str: 24    XL:     9   Next: 90%
Magic:  9/9        EV:  2    Int: 16    God:    Cheibriados [*.....]
Gold:   207        SH:  0    Dex: 22    Spells: 0 memorised, 8 levels left

rFire  . . .     SeeInvis .     b - +2 spear (flame)
rCold  . . .     Clarity  .     (armour currently unavailable)
rNeg   + + +     SustAt   .     (no shield)
rPois  +         Gourm    .     (helmet unavailable)
rElec  .         Spirit   .     (cloak currently unavailable)
rCorr  .         Warding  .     (gloves currently unavailable)
rMut   .         Stasis   +     (boots currently unavailable)
MR     .....                    (no amulet)
Stlth  ++........               f - +4 ring of strength
                                l - +5 ring of dexterity

@: lethally poisoned (0 -> -21), tree-form, very slow, not resistant to hostile
enchantments, unstealthy
A: permanent stasis, dig shafts and tunnels, four strong arms, (antennae 0),
(beak), (slimy green scales 0), blurry vision 1, clever 1, sense surroundings 1,
(shaggy fur 0), no device heal 1
a: Bend Time, Renounce Religion


You were on level 7 of the Dungeon.
You worshipped Cheibriados.
Cheibriados was aware of your devotion.
You were not hungry.
You were a tree.
You visited 2 branches of the dungeon, and saw 8 of its levels.

You collected 207 gold pieces.

Inventory:

Hand Weapons
 a - a +2 hand crossbow
 b - a +2 spear of flaming (weapon)
 h - a +1 spear of piercing
 s - a +0 mace of holy wrath
 y - a cursed -1 flail
Missiles
 c - 82 bolts
 p - 210 stones (quivered)
Armour
 g - a +0 chain mail (melded)
 q - a +0 pair of gloves (melded)
Jewellery
 f - a +4 ring of strength (right branch)
 l - a +5 ring of dexterity (left branch)
 t - an uncursed ring of fire
Scrolls
 i - 2 scrolls of identify
 x - a scroll of holy word {unknown}
 z - a scroll of acquirement {unknown}
 B - a scroll of magic mapping
 E - a scroll of enchant weapon
Potions
 A - a potion of cancellation
Books
 k - a book of the Tempests

   Spells                             Type                      Level
   a - Static Discharge               Conjuration/Air              3
   b - Lightning Bolt                 Conjuration/Air              5
   c - Fireball                       Conjuration/Fire             5
   d - Tornado                        Air                          9
   e - Shatter                        Earth                        9
 n - Sif Muna's Volume of Calling
   (You found it on level 3 of the Dungeon)

   Spells                             Type                      Level
   a - Summon Small Mammal            Summoning                    1
 r - a book of Changes

   Spells                             Type                      Level
   a - Beastly Appendage              Transmutation                1
   b - Sticks to Snakes               Transmutation                2
   c - Spider Form                    Transmutation/Poison         3
   d - Ice Form                       Ice/Transmutation            4
   e - Blade Hands                    Transmutation                5
Comestibles
 d - a chunk of flesh
 e - 4 bread rations
 j - 4 beef jerkies
 m - 3 meat rations
 o - 2 royal jellies
 u - a slice of pizza


   Skills:
 - Level 2.1 Fighting
 - Level 10.2 Crossbows
 + Level 9.4 Armour
 - Level 1.7 Dodging
 - Level 1.2 Stealth


You had 8 spell levels left.
You didn't know any spells.

Dungeon Overview and Level Annotations

Branches:
Dungeon (7/15)             Temple (1/1) D:6

Altars:
Ashenzari
Cheibriados
Fedhas
Makhleb
Nemelex Xobeh
Okawaru
Qazlal
Ru
Sif Muna
Trog
Vehumet
Xom
Yredelemnul
The Shining One
Lugonu

Shops:
D:4 [


Innate Abilities, Weirdness & Mutations

You are under a permanent stasis effect.
You can dig through walls and to a lower floor.
Your four strong arms can wield two-handed weapons with a shield.
((You have a pair of large antennae on your head (SInv).))
((You have a beak for a mouth.))
((You are partially covered in slimy green scales (AC +2).))
Scrolls take you a little longer to read.
Your mind is acute. (Int +2)
You passively map a small area around you.
((You are covered in fur (AC +1).))
Potions and wands are less effective at restoring your health.


Message History

You hit the killer bee. You burn the killer bee.
You kill the killer bee!
Cheibriados thoroughly appreciates the change of pace.
* * * LOW HITPOINT WARNING * * *
You feel sick.
The killer bee stings you but does no damage.
You miss the killer bee.
* * * LOW HITPOINT WARNING * * *
You feel sick. The killer bee stings you.
* * * LOW HITPOINT WARNING * * *
You are more poisoned.
The killer bee poisons you! The killer bee stings you.
* * * LOW HITPOINT WARNING * * *
You completely miss the killer bee.
* * * LOW HITPOINT WARNING * * *
You feel sick.
The killer bee stings you but does no damage. x2
An adder, a killer bee and an orc come into view.
You miss the killer bee.
You die...

#.#####...........
#(##.............#
#.##.##.###.#...##
#.......# #....<#
####.##.# ####..# ,
#.##.# #..#
####.##.######..#
#.§§.##.........## , *
#♣####**####.....# * *
#y# , ##....... * **
#§#, , #........
#...{{..S......+........
*
#{#####.#...####........
{ #yo#.## ##....... *
.#. ## ##.....# , # .#
##...## * .# ##'##


You could see 2 killer bees, an adder (wandering) and an orc (wandering).

Vanquished Creatures
  6 sky beasts
  A water moccasin (D:4)
  A black bear (D:6)
  A phantom (D:5)
  An ice beast (D:6)
  4 ogres
  2 giant frogs
  3 wights (D:6)
  A scorpion (D:4)
  4 killer bees (D:7)
  2 crimson imps
  4 orc wizards
  An iguana (D:6)
  The ghost of oplop the Sneak, a weakling SpEn (D:3)
  A gnoll shaman (D:6)
  A jelly (D:6)
  2 giant frog skeletons (D:5)
  2 hounds
  Jessica (D:2)
  3 worker ants
  A hound skeleton (D:7)
  16 gnolls
  7 adders
  A shadow imp (D:5)
  2 oozes
  An adder skeleton (D:7)
  A worm (D:3)
  6 giant geckos
  5 orcs
  10 bats
  4 giant cockroaches
  9 goblins
  7 hobgoblins
  13 jackals
  2 quokkas (D:4)
  7 giant newts
  A jackal zombie (D:5)
  3 kobolds
  7 rats
145 creatures vanquished.

Notes
Turn   | Place    | Note
--------------------------------------------------------------
     0 | D:1      | Sheev the Formicid Hunter began the quest for the Orb.
     0 | D:1      | Reached XP level 1. HP: 16/16 MP: 1/1
   155 | D:1      | Reached XP level 2. HP: 13/22 MP: 2/2
   850 | D:2      | Found a blossoming altar of Fedhas.
   851 | D:2      | Found a sparkling altar of Nemelex Xobeh.
   876 | D:2      | Found a faded altar to an unknown god.
   886 | D:2      | Reached XP level 3. HP: 27/27 MP: 3/3
   910 | D:2      | Reached skill level 5 in Crossbows
  1118 | D:2      | Gained mutation: Scrolls take you a little longer to read. [potion of mutation]
  1118 | D:2      | Gained mutation: Your mind is acute. (Int +2) [potion of mutation]
  1118 | D:2      | Gained mutation: You are partially covered in slimy green scales (AC +2). [potion of mutation]
  1448 | D:2      | Gained mutation: You have a beak for a mouth. [potion of mutation]
  1448 | D:2      | Gained mutation: Potions and wands are less effective at restoring your health. [potion of mutation]
  1607 | D:2      | Reached XP level 4. HP: 20/33 MP: 4/4
  1784 | D:2      | Gained mutation: You are covered in fur (AC +1). [potion of mutation]
  1784 | D:2      | Gained mutation: You passively map a small area around you. [potion of mutation]
  1849 | D:2      | Noticed Jessica
  1851 | D:2      | Killed Jessica
  2220 | D:3      | Noticed oplop's ghost (weakling SpEn)
  2767 | D:3      | Reached XP level 5. HP: 38/38 MP: 5/5
  2811 | D:3      | Reached skill level 6 in Crossbows
  2827 | D:3      | Found a shimmering altar of Xom.
  2934 | D:3      | Killed oplop's ghost
  3061 | D:3      | Found an iron altar of Okawaru.
  3250 | D:3      | Found a deep blue altar of Sif Muna.
  3286 | D:3      | Reached skill level 7 in Crossbows
  3286 | D:3      | Reached XP level 6. HP: 44/44 MP: 6/6
  3456 | D:3      | Identified Sif Muna's Volume of Calling
  3872 | D:4      | Found a shattered altar of Ashenzari.
  4032 | D:4      | Found a bloodstained altar of Trog.
  4196 | D:4      | Noticed a water moccasin
  4218 | D:4      | Killed a water moccasin
  4510 | D:4      | Reached XP level 7. HP: 45/50 MP: 7/7
  4553 | D:4      | Reached skill level 8 in Crossbows
  4572 | D:4      | Found a blossoming altar of Fedhas.
  5151 | D:4      | Found Orchur's Armour Emporium.
  5509 | D:5      | Entered Level 5 of the Dungeon
  5648 | D:5      | Reached skill level 9 in Crossbows
  5648 | D:5      | Reached XP level 8. HP: 32/56 MP: 8/8
  5819 | D:5      | Found a sacrificial altar of Ru.
  6400 | D:5      | Reached skill level 10 in Crossbows
  6496 | D:5      | Reached skill level 1 in Armour
  6594 | D:5      | Found a burning altar of Makhleb.
  7226 | D:6      | Reached XP level 9. HP: 61/61 MP: 9/9
  7294 | D:6      | Reached skill level 5 in Armour
  7462 | D:6      | Found a glowing golden altar of the Shining One.
  7680 | D:6      | Found a staircase to the Ecumenical Temple.
  7704 | Temple   | Entered the Ecumenical Temple
  7718 | Temple   | Became a worshipper of Cheibriados the Contemplative
  8209 | D:6      | Reached * piety under Cheibriados
  8952 | D:7      | HP: 3/91 [killer bee (2)]
  8954 | D:7      | Succumbed to a killer bee's poison

Action                   |  1- 3 |  4- 6 |  7- 9 || total
-------------------------+-------+-------+-------++-------
Melee: Short sword       |   117 |    15 |       ||   132
       Spear             |       |   141 |   273 ||   414
 Fire: Hand crossbow     |    55 |    63 |   148 ||   266
 Abil: Dig               |       |     2 |     1 ||     3
  Use: Potion            |     3 |     4 |     3 ||    10
       Scroll            |     1 |     4 |     4 ||     9
 Stab: Sleeping          |     1 |       |       ||     1
  Eat: Chunk             |     2 |     9 |     5 ||    16
       Bread ration      |       |       |     2 ||     2
